 Dungeon Crawl Stone Soup version 0.31-a0-115-g4708a659fe (webtiles) character file.

Game seed: 18044826315331628734

1810461 ebarrett the Impregnable (level 24, 216/216 HPs)
             Began as an Armataur Monk on May 29, 2023.
             Was a High Priest of Hepliaklqana.
             Escaped with the Orb
             ... and 3 runes on May 30, 2023!
             The game lasted 05:42:38 (55715 turns).

ebarrett the Impregnable (Armataur Monk)           Turns: 55715, Time: 05:42:39

Health: 216/216    AC: 46    Str: 27    XL:     24   Next: 73%
Magic:  8/10       EV:  8    Int: 17    God:    Hepliaklqana [*****.]
Gold:   104        SH: 15    Dex: 18    Spells: 23/23 levels left

rFire   + . .        b - +3 broad axe (antimagic)
rCold   + + +        c - +1 kite shield {reflect}
rNeg    . . .        s - +9 gold dragon scales
rPois   +            A - +0 hat of Rinasap {rC++ Dex-2 Slay+2 Stlth+}
rElec   +            o - +2 cloak {Stlth+}
rCorr   +            G - +2 pair of gloves "Wolurur" {+Blink Int+7}
SInv    .            (no barding)
Will    +....        H - amulet of regeneration Stlth
                     d - ring of Vapremawn {rElec rCorr Str+3 Dex+6 Stlth+}
HPRegen 1.36/turn    h - ring of the Tortoise {AC+8}
MPRegen 0.12/turn

%: reflection, roll
@: studying 2 skills
A: reduced essence, large, rugged brown scales 3, deformed body, armoured tail,
roll, long tongue, awkward tongue, clumsy 1, dopey 1, low MP 1
0: Orb of Zot
}: 3/15 runes: serpentine, barnacled, slimy
a: Renounce Religion, Evoke Blink, Recall Ancestor, Ancestor Identity,
Transference, Idealise


You escaped.
You worshipped Hepliaklqana.
Hepliaklqana was extremely pleased with you.
You visited 11 branches of the dungeon, and saw 52 of its levels.
You also visited: Ossuary, Bailey and Gauntlet.

You collected 6173 gold pieces.
You spent 6069 gold pieces at shops.

Inventory:

Hand Weapons
 a - a +2 vampiric broad axe
 b - a +3 antimagic broad axe (weapon)
 w - a +5 broad axe of flaming
Missiles
 e - 4 throwing nets
 m - 11 silver javelins
 S - 40 javelins
 X - 3 curare-tipped darts (quivered)
Armour
 c - a +1 kite shield of reflection (worn)
 o - a +2 cloak of stealth (worn)
 s - +9 gold dragon scales (worn)
 A - the +0 hat of Rinasap (worn) {rC++ Dex-2 Slay+2 Stlth+}
   (You found it in a Gauntlet)

   Dex:       It affects your dexterity (-2).
   Slay:      It affects your accuracy & damage with ranged weapons and melee
   (+2).
   rC:        It greatly protects you from cold.
   Stlth:     It makes you more stealthy.
 C - the +8 plate armour of Lishudic {rC++ rN+ Dex+2}
   (You found it on level 5 of the Pits of Slime)

   Dex:       It affects your dexterity (+2).
   rC:        It greatly protects you from cold.
   rN:        It protects you from negative energy.
 G - the +2 pair of gloves "Wolurur" (worn) {+Blink Int+7}
   (You bought it in a shop on level 1 of the Snake Pit)

   Int:       It affects your intelligence (+7).
   +Blink:    It lets you blink.
Jewellery
 d - the ring of Vapremawn (left hand) {rElec rCorr Str+3 Dex+6 Stlth+}
   (You bought it in a shop on level 1 of the Elven Halls)

   [ring of dexterity]

   Str:       It affects your strength (+3).
   Dex:       It affects your dexterity (+6).
   rElec:     It insulates you from electricity.
   rCorr:     It protects you from acid and corrosion.
   Stlth:     It makes you more stealthy.
 h - the ring of the Tortoise (right hand) {AC+8}
   (You found it on level 3 of the Vaults)

   [ring of protection]

   AC:        It affects your AC (+8).
 j - the ring of Qutet {rF++ Str+3 Dex+6}
   (You bought it in a shop on level 1 of the Elven Halls)

   [ring of dexterity]

   Str:       It affects your strength (+3).
   Dex:       It affects your dexterity (+6).
   rF:        It greatly protects you from fire.
 q - the ring "Kygyajif" {rPois Will+ SInv}
   (You acquired it on level 3 of the Lair of Beasts)

   [ring of willpower]

   rPois:     It protects you from poison.
   SInv:      It lets you see invisible.
   Will:      It increases your willpower.
 x - the ring "Ocereysa" {Drain EV+5 Str+2 Dex+4}
   (You found it on level 5 of the Pits of Slime)

   [ring of evasion]

   EV:        It affects your evasion (+5).
   Str:       It affects your strength (+2).
   Dex:       It affects your dexterity (+4).
   Drain:     It drains your maximum health when unequipped.
 D - the ring "Ybuupp" {Fly rPois rF+ rC+ Dex+3}
   (You found it in a Gauntlet)

   [ring of flight]

   Dex:       It affects your dexterity (+3).
   rF:        It protects you from fire.
   rC:        It protects you from cold.
   rPois:     It protects you from poison.
   Fly:       It grants you flight.
 H - an amulet of regeneration (around neck)
Wands
 k - a wand of polymorph (10)
 t - a wand of digging (12)
 y - a wand of roots (4)
 J - a wand of paralysis (51)
 O - a wand of mindburst (36)
Scrolls
 f - 7 scrolls of vulnerability
 g - 10 scrolls of teleportation
 n - a scroll of magic mapping
 u - 5 scrolls of blinking
 F - 2 scrolls of silence
 L - 2 scrolls of summoning
 W - a scroll of fear
Potions
 i - 3 potions of berserk rage
 l - 5 potions of enlightenment
 p - 5 potions of mutation
 v - 11 potions of magic
 z - 4 potions of might
 E - 5 potions of cancellation
 I - 2 potions of heal wounds
 K - 6 potions of curing
 M - 2 potions of resistance
 Z - 3 potions of ambrosia
Miscellaneous
 R - a phantom mirror
 T - a lightning rod (4/4)
 U - a phial of floods (inert)
 Y - a tin of tremorstones (2/2)


   Skills:
 - Level 19.7 Fighting
 - Level 14.4(18.3) Axes
 - Level 16.0(18.5) Maces & Flails
 - Level 11.5(14.5) Polearms
 - Level 23.0 Armour
 - Level 7.1 Dodging
 - Level 14.7 Shields
 + Level 17.2 Invocations
 - Level 8.5 Evocations


You had 23 spell levels left.
You didn't know any spells.
Your spell library contained the following spells:

 Spells                   Type           Power      Damage    Failure   Level
 Apportation              Tloc           0%         N/A       97%         1
 Foxfire                  Conj/Fire      0%         2x1d4     97%         1
 Freeze                   Ice            0%         1d3       97%         1
 Kiss of Death            Conj/Necr      0%         2d5       97%         1
 Magic Dart               Conj           0%         1d3       97%         1
 Necrotise                Necr           0%         1d4       97%         1
 Shock                    Conj/Air       0%         1d3       97%         1
 Summon Small Mammal      Summ           0%         N/A       97%         1
 Blink                    Tloc           0%         N/A       99%         2
 Call Imp                 Summ           0%         N/A       99%         2
 Cigotuvi's Dreadful Rot  Necr/Pois/Air  0%         N/A       99%         2
 Ensorcelled Hibernation  Hex/Ice        0%         N/A       99%         2
 Lesser Beckoning         Tloc           0%         N/A       99%         2
 Momentum Strike          Conj/Tloc      0%         3d8       99%         2
 Scorch                   Fire           0%         2d5       99%         2
 Sublimation of Blood     Necr           0%         N/A       99%         2
 Call Canine Familiar     Summ           0%         N/A       100%        3
 Confusing Touch          Hex            0%         N/A       100%        3
 Dazzling Flash           Conj/Hex       0%         N/A       100%        3
 Frozen Ramparts          Ice            0%         1d1       100%        3
 Hailstorm                Conj/Ice       0%         3d3       100%        3
 Inner Flame              Hex/Fire       0%         N/A       100%        3
 Mephitic Cloud           Conj/Pois/Air  0%         N/A       100%        3
 Ozocubu's Armour         Ice            0%         N/A       100%        3
 Portal Projectile        Hex/Tloc       0%         N/A       100%        3
 Spider Form              Tmut/Pois      0%         N/A       100%        3
 Stone Arrow              Conj/Erth      0%         3d7       100%        3
 Summon Guardian Golem    Hex/Summ       0%         N/A       100%        3
 Swiftness                Air            0%         N/A       100%        3
 Vampiric Draining        Necr           0%         2d6       100%        3
 Vhi's Electric Charge    Tloc/Air       0%         N/A       100%        3
 Volatile Blastmotes      Fire/Tloc      0%         2d10      100%        3
 Airstrike                Air            0%         2d(0-16)  100%        4
 Anguish                  Hex/Necr       0%         N/A       100%        4
 Animate Armour           Summ/Erth      0%         N/A       100%        4
 Cause Fear               Hex            0%         N/A       100%        4
 Dispel Undead            Necr           0%         3d6       100%        4
 Flame Wave               Conj/Fire      0%         2d4       100%        4
 Fulminant Prism          Conj/Hex       0%         3d5       100%        4
 Ice Form                 Ice/Tmut       0%         N/A       100%        4
 Iskenderun's Mystic Bla  Conj/Tloc      0%         2d3       100%        4
 Leda's Liquefaction      Hex/Erth       0%         N/A       100%        4
 Olgreb's Toxic Radiance  Pois           0%         N/A       100%        4
 Petrify                  Tmut/Erth      0%         N/A       100%        4
 Summon Lightning Spire   Summ/Air       0%         N/A       100%        4
 Agony                    Necr           0%         N/A       100%        5
 Alistair's Intoxication  Tmut/Pois      0%         N/A       100%        5
 Arcjolt                  Conj/Air       0%         1d10      100%        5
 Blade Hands              Tmut           0%         N/A       100%        5
 Borgnjor's Vile Clutch   Necr/Erth      0%         N/A       100%        5
 Irradiate                Conj/Tmut      0%         3d11      100%        5
 Iskenderun's Battlesphe  Conj           0%         2d6       100%        5
 Lee's Rapid Deconstruct  Erth           0%         3d4*      100%        5
 Metabolic Englaciation   Hex/Ice        0%         N/A       100%        5
 Silence                  Hex/Air        0%         N/A       100%        5
 Yara's Violent Unravell  Hex/Tmut       0%         3d3       100%        5
 Conjure Ball Lightning   Conj/Air       0%         3x3d6     100%        6
 Death Channel            Necr           0%         N/A       100%        6
 Eringya's Noxious Bog    Tmut/Pois      0%         N/A       100%        6
 Leda's Unmaking          Conj/Erth      0%         9d1       100%        6
 Plasma Beam              Fire/Air       0%         2x1d11    100%        6
 Simulacrum               Ice/Necr       0%         N/A       100%        6
 Starburst                Conj/Fire      0%         6d3       100%        6
 Summon Cactus Giant      Summ           0%         N/A       100%        6
 Enfeeble                 Hex            0%         N/A       100%        7
 Malign Gateway           Summ/Tloc      0%         N/A       100%        7
 Orb of Destruction       Conj           0%         9d5       100%        7
 Ozocubu's Refrigeration  Ice            0%         4d7       100%        7
 Spellforged Servitor     Conj/Summ      0%         N/A       100%        7
 Discord                  Hex            0%         N/A       100%        8
 Disjunction              Tloc           0%         N/A       100%        8
 Ignition                 Fire           0%         3d3       100%        8
 Lehudib's Crystal Spear  Conj/Erth      0%         10d2      100%        8
 Summon Horrible Things   Summ           0%         N/A       100%        8
 Chain Lightning          Conj/Air       0%         N/A       100%        9
 Fire Storm               Conj/Fire      0%         5d1       100%        9
 Polar Vortex             Ice            0%         N/A       100%        9
 Shatter                  Erth           0%         3d5*      100%        9


Dungeon Overview and Level Annotations

Branches:
Dungeon (15/15)            Temple (1/1) D:6            Lair (5/5) D:11
 Shoals (4/4) Lair:2        Snake (4/4) Lair:2        Slime (5/5) Lair:5
    Orc (2/2) D:12            Elf (3/3) Orc:2        Vaults (4/5) D:14
  Crypt (0/3) Vaults:3     Depths (4/4) D:15            Zot (5/5) Depths:4
Ossuary (visited)          Bailey (visited)         Gauntlet (visited)

Altars:
Ashenzari
Cheibriados
Dithmenos
Elyvilon
Fedhas
Gozag
Hepliaklqana
Kikubaaqudgha
Makhleb
Nemelex Xobeh
Okawaru
Qazlal
Ru
Sif Muna
Trog
Uskayaw
Vehumet
Wu Jian
Xom
Yredelemnul
Zin
The Shining One
Jiyva

Shops:
Orc:1 *   Orc:2 *([   Elf:1 =[   Elf:3 [   Shoals:4 (   Snake:1 =((*
Snake:3 **   Vaults:1 *   Vaults:2 ?   Vaults:3 (   Depths:2 ?   Depths:3 =::
Depths:4 !

Portals:
Hell: Depths:1 Depths:2 Depths:3 Depths:4
Abyss: Depths:3 Depths:4
Pandemonium: Depths:1 Depths:2
Ziggurat: Depths:1

Annotations:
Shoals:4 3 runed translucent doors, exclusion: 3 doors
Slime:2 exclusion: downstairs
Slime:3 Dissolution
Orc:1 exclusion: downstairs
Elf:2 3 runed translucent doors
Vaults:2 2 transporters, exclusions: downstairs and 2 orange crystal statues, Feshunla's ghost, adept KoEn; Woitib's ghost, adept GrFE
Vaults:3 exclusion: downstairs
Vaults:4 Zenata


Innate Abilities, Weirdness & Mutations

Your life essence is reduced to manifest your ancestor. (-10% HP)
You are completely covered in rugged brown scales. (AC +3, +7% HP)
Armour fits poorly on your strangely shaped body.
You have a long armoured tail.
You roll when moving toward enemies. (Rampage)
Your long tongue fully drains potion bottles. (2x potion effects)
Your tongue gives you trouble enunciating. (1.5x scroll delay)
You are clumsy. (Dex -2)
You are dopey. (Int -2)
Your magical capacity is low. (-10% MP)


Message History

There is a stone staircase leading down here.
Ancestor HP restored.
There is a stone staircase leading up here.
You climb upwards.
There is a stone staircase leading down here.
There is a stone staircase leading up here.
You climb upwards.
There is a stone staircase leading down here.
Items here: ))) [.
You see here a +0 whip.
There is a stone staircase leading up here.
You climb upwards.
There is a stone staircase leading down here.
There is a stone staircase leading up here.
You climb upwards.
There is a stone staircase leading down here.
You see here a +0 spear.
There is a stone staircase leading up, spattered with blood here.
You climb upwards.
There is a stone staircase leading down here.
Aiming: Dig
Press: ? - help, Shift-Dir - straight line A rock wall.
This square is covered in magical glow.
The rock shatters into small pieces.
Aiming: Dig
Press: ? - help, Shift-Dir - straight line A rock wall.
This square is covered in magical glow.
The rock shatters into small pieces.
An orange demon comes into view.
Thulani casts a spell at the orange demon.
The crystal spear hits the orange demon!!!
The orange demon dies!
There is a staircase leading out of the dungeon here.
Thulani is recalled.
Press: ? - help, v - describe, . - travel
Here: Thulani the battlemage, wielding a +0 lajatang of freezing (friendly)
The floor.
You have escaped!

# #...'...'.⌠.#...#.#..# #.#. #
#...#...#...#...#..#.# #.#. #
##'###########'##....# #.#. #
#...#...#...#.....#### #... #
#...#...'...'...'.########. #
#...#...#...#...#.....# #. #
##'###'#####.#'##.###.# #.
#######...#...#..R#...#.# #.# #.
#....†'...#.⌠.'.@.#.⌠.#.# #.####.
#'###.#...#...#...#...#.###......
....#.##'#####.#####'##........>.
....#.#...#...#...#...#...#####.)
....#.#...'...'.⌠.'...###.#####..
....#.#...#...#...#...#.......#..
....#.######'##########.#.###.#..
....#........# #.#.# #.#..
....#.######## #.#.# #.##.


You could see the friendly Thulani the battlemage.

Vanquished Creatures
  the Royal Jelly (Slime:5)
  A juggernaut (Depths:4)
  Parghit (Depths:3)
  A Killer Klown (Zot:5)
  Saint Roka (Orc:2)
  Margery (Vaults:3)
  3 golden dragons (Depths:4)
  Nikola (Elf:1)
  3 tentacled monstrosities
  A walking crystal tome (Depths:2)
  12 Orb Guardians
  2 walking frostbound tomes
  A titan (Depths:3)
  A deep elf master archer (Elf:3)
  A lich (Depths:2)
  2 quicksilver dragons
  7 acid blobs
  A walking earthen tome (Depths:2)
  A death cob (Zot:5)
  A kraken (Shoals:2)
  Kirke (Elf:1)
  A storm dragon (Depths:2)
  A draconian knight (Zot:5)
  4 nagarajas (Snake:4)
  An azure jelly (shapeshifter) (Elf:3)
  6 draconian monks
  A rockslime (Slime:2)
  A tengu reaver (Depths:3)
  A draconian scorcher (Zot:5)
  2 fire giants
  5 azure jellies
  6 deep elf sorcerers
  5 frost giants
  A draconian shifter (Zot:2)
  2 draconian stormcallers
  4 vault wardens
  A ghost moth (Zot:3)
  2 deep elf elementalists (Elf:3)
  3 draconian annihilators
  4 spriggan defenders
  2 orc warlords
  2 ironbound preservers
  10 very ugly things
  2 ironbound thunderhulks (Vaults:2)
  2 formless jellyfish (Slime:4)
  5 quicksilver oozes
  5 stone giants
  5 deep elf demonologists (Elf:3)
  5 green draconians
  3 deep elf annihilators
  10 white draconians
  3 black draconians (Depths:4)
  A yellow draconian (Zot:4)
  7 purple draconians
  9 dire elephants
  2 deep elf death magi
  8 red draconians (Depths:4)
  3 spark wasps
  An ettin (Depths:2)
  4 merfolk impalers
  A merfolk javelineer (Shoals:4)
  A great orb of eyes (Vaults:3)
  An entropy weaver (Vaults:2)
  2 fire dragons (Depths:2)
  2 yaktaur captains
  3 deep elf high priests (Elf:3)
  2 salamander tyrants
  5 hydras
  5 rakshasas
  4 ice dragons
  3 spriggan air magi
  2 merfolk avatars (Shoals:4)
  12 centaur warriors
  A peacekeeper (Vaults:2)
  A catoblepas (Shoals:3)
  5 ironbound frosthearts
  4 merfolk aquamancers
  6 anacondas
  4 tengu warriors
  4 boulder beetles
  9 dancing weapons
  4 naga warriors
  3 vampire magi
  2 two-headed ogres
  A deep troll shaman (Depths:2)
  A death yak (Lair:5)
  2 spriggan berserkers
  5 hell knights
  5 deep troll earth magi
  A shock serpent (Snake:1)
  An orc high priest (Orc:2)
  9 naga sharpshooters
  Sonja (Lair:3)
  10 deep elf knights
  2 skysharks
  3 salamander mystics
  4 spectral death yaks (Lair:5)
  An iron troll (Depths:2)
  18 deep trolls
  2 glowing orange brains
  A sea snake (shapeshifter) (Vaults:2)
  7 sea snakes
  A spectral anaconda (Lair:5)
  2 flayed ghosts (Depths:2)
  7 naga ritualists
  3 wizards
  3 orc knights
  4 lindwurms
  6 necromancers
  16 harpies
  16 deep elf pyromancers
  16 deep elf archers
  25 deep elf zephyrmancers
  Pikel (D:9)
  5 mana vipers
  An obsidian statue (Lair:5)
  A shining eye (Slime:5)
  4 fauns
  4 ironbound convokers
  3 orc sorcerers
  12 salamanders
  4 cyclopes
  8 elephants (Lair:5)
  5 moths of wrath
  21 ugly things
  10 manticores
  10 merfolk sirens
  Joseph (D:7)
  A moth of wrath (shapeshifter) (Depths:3)
  5 vault sentinels
  24 black mambas
  5 guardian serpents
  5 water nymphs
  A dire elephant zombie (Lair:5)
  8 naga magi
  2 torpor snails (Lair:2)
  An eye of devastation (Lair:5)
  An orange demon (Depths:3)
  2 cane toads (shapeshifter)
  3 unseen horrors
  6 cane toads
  3 gargoyles
  A rime drake (Lair:1)
  An efreet (D:15)
  2 kobold demonologists
  3 tengu conjurers
  A freezing wraith (D:14)
  8 komodo dragons
  16 yaktaurs
  4 wind drakes
  15 merfolk
  2 polar bears (Lair:3)
  Prince Ribbit (D:7)
  5 hornets
  2 trolls (D:10)
  4 dream sheep
  9 blink frogs
  10 snapping turtles
  An air elemental (Elf:1)
  5 spriggans
  41 slime creatures
  3 shadows
  Sigmund (D:6)
  3 wraiths
  3 hogs (Elf:1)
  9 water elementals
  6 wyverns
  46 yaks
  A golden eye (Slime:5)
  A fire elemental (Elf:2)
  A basilisk (Lair:5)
  6 vampire mosquitoes
  2 swamp worms (Gauntlet)
  2 wargs (Orc:2)
  Edmund (D:5)
  31 nagas
  11 water moccasins
  10 orc warriors
  3 elephant zombies (Lair:5)
  4 black bears
  10 boggarts
  10 centaurs
  3 ogres
  An elephant skeleton (Lair:5)
  12 wolves
  A phantom (D:4)
  A lemure (D:9)
  Blork the orc (D:5)
  4 kobold brigands
  A scorpion (D:6)
  A wyvern zombie (Ossuary)
  2 earth elementals
  A gnoll sergeant (D:9)
  11 bullfrogs
  A water moccasin zombie (Ossuary)
  A jelly (D:5)
  2 cane toad simulacra (Lair:5)
  4 wights (D:8)
  The ghost of Zvl3 the Trooper, a weakling HOFi (D:3)
  2 elephant simulacra (Lair:5)
  4 electric eels
  2 howler monkeys
  5 bullfrog zombies (Ossuary)
  5 hounds
  19 orc priests
  2 iguanas
  A gnoll bouda (D:7)
  10 orc wizards
  2 sleepcaps
  4 killer bee zombies (Ossuary)
  A howler monkey zombie (Ossuary)
  10 mummies (Ossuary)
  9 adders
  9 gnolls
  A shadow imp (D:6)
  2 white imps (D:6)
  2 worms
  2 dart slugs
  38 orcs
  3 ball pythons
  5 bats
  4 endoplasms
  5 giant cockroaches
  9 goblins
  10 hobgoblins
  3 jackals (D:1)
  3 quokkas
  A frilled lizard (D:3)
  26 kobolds
  3 rats
  2 tentacles (Shoals:2)
1147 creatures vanquished.

Vanquished Creatures (collateral kills)
  A dread lich (Zot:5)
  4 orbs of fire (Zot:5)
  An ancient lich (Zot:5)
  Sojobo (Vaults:3)
  3 Killer Klowns (Zot:5)
  2 caustic shrikes
  5 golden dragons
  the Enchantress (Depths:3)
  2 tentacled monstrosities (Zot:5)
  An electric golem (Zot:5)
  A walking crystal tome (Depths:4)
  Rupert (D:13)
  10 Orb Guardians (Zot:5)
  A deep elf blademaster (Elf:3)
  A quicksilver dragon (Zot:5)
  Asterion (Elf:1)
  A lich (Depths:4)
  A deep elf master archer (Elf:3)
  12 acid blobs
  A walking divine tome (Depths:2)
  A sphinx (Depths:4)
  A death cob (Zot:5)
  3 tengu reavers (Vaults:3)
  The ghost of Woigomae the Fighter, an adept OpVM of Vehumet (Snake:3)
  A draconian monk (Zot:2)
  A fenstrider witch (Shoals:1)
  3 shadow dragons (Depths:4)
  5 rockslimes
  5 fire giants
  A nagaraja (Snake:4)
  3 frost giants
  3 deep elf sorcerers (Elf:3)
  2 vault wardens (Vaults:2)
  Louise (D:15)
  A draconian shifter (Zot:4)
  A cacodemon (Depths:3)
  The ghost of Poegoxum the Bludgeoner, a journeyman DrGl of the Shining One (D:13)
  Aizul (Shoals:2)
  A draconian scorcher (Zot:4)
  An orc warlord (Vaults:1)
  2 draconian annihilators
  A draconian stormcaller (Zot:5)
  9 very ugly things
  6 ironbound preservers
  4 quicksilver oozes
  3 stone giants
  An ironbound thunderhulk (Vaults:2)
  2 spriggan defenders
  2 vampire knights (Depths:2)
  6 green draconians
  4 black draconians
  A deep elf demonologist (Elf:3)
  3 red draconians
  6 white draconians
  3 deep elf annihilators (Elf:3)
  A formless jellyfish (Shoals:1)
  A lorocyproca (Zot:5)
  4 purple draconians
  3 spark wasps (Depths:3)
  2 dire elephants
  A minotaur (Gauntlet)
  A yellow draconian (Zot:4)
  3 ettins
  5 fire dragons
  A merfolk javelineer (Shoals:4)
  7 merfolk impalers
  A blizzard demon (Depths:1)
  4 yaktaur captains
  A rakshasa (Depths:1)
  Josephine (Lair:5)
  3 vault guards (Vaults:2)
  A great orb of eyes (Slime:5)
  A deep elf high priest (Elf:3)
  A salamander tyrant (Snake:4)
  2 ironbound frosthearts
  4 spriggan air magi
  5 ice dragons
  A merfolk avatar (Shoals:4)
  3 alligator snapping turtles
  5 deep troll shamans
  3 anacondas
  3 merfolk aquamancers
  An ogre mage (Vaults:3)
  A boulder beetle (D:15)
  7 centaur warriors
  A satyr (Shoals:2)
  A titan zombie (Depths:2)
  8 dancing weapons
  5 naga sharpshooters
  3 naga warriors
  3 deep troll earth magi
  A tengu warrior (Depths:2)
  A spriggan berserker (Depths:4)
  Urug (Orc:2)
  A soul eater (Depths:1)
  5 deep elf knights
  7 hell knights
  An iron troll (Depths:2)
  2 sixfirhies (Depths:3)
  2 salamander mystics
  A glowing orange brain (D:14)
  12 deep trolls
  A skyshark (Shoals:1)
  2 flayed ghosts
  4 sea snakes
  4 naga ritualists
  A glowing orange brain (shapeshifter) (Vaults:2)
  An obsidian statue (Snake:3)
  5 lindwurms
  11 deep elf archers
  4 necromancers
  4 wizards
  17 deep elf pyromancers
  6 mana vipers
  9 ironbound convokers
  17 deep elf zephyrmancers
  A shadow dragon zombie (Depths:2)
  4 shining eyes
  4 manticores
  2 orc sorcerers
  15 harpies
  15 ugly things
  A cyclops (Shoals:4)
  6 fauns
  5 salamanders
  14 black mambas
  A rust devil (Depths:1)
  A moth of wrath (Zot:5)
  7 naga magi
  5 merfolk sirens
  An elephant (Lair:5)
  3 vault sentinels
  3 water nymphs
  3 guardian serpents
  An apocalypse crab (Gauntlet)
  3 orange demons
  3 cane toads
  A torpor snail (Lair:2)
  A gargoyle (D:13)
  4 komodo dragons
  An efreet (Depths:3)
  A tengu conjurer (Depths:2)
  9 yaktaurs
  12 merfolk
  3 trolls
  2 wind drakes
  A queen bee (shapeshifter) (Elf:1)
  6 blink frogs
  A spriggan zombie (Depths:2)
  10 snapping turtles
  4 dream sheep
  A centaur simulacrum (D:15)
  41 slime creatures
  14 water elementals
  An air elemental (Elf:1)
  2 wraiths (Lair:5)
  2 fire elementals
  15 yaks
  A wyvern (Lair:5)
  A ynoxinul (D:13)
  3 hogs (Elf:1)
  A neqoxec (Depths:1)
  2 vampires
  5 basilisks
  Grum (D:8)
  A vampire mosquito (D:11)
  A chaos spawn (Depths:1)
  5 golden eyes (Slime:4)
  A steam dragon (D:8)
  2 redbacks (Vaults:2)
  24 nagas
  A warg (D:12)
  3 water moccasins
  A floating eye (Lair:5)
  A floating eye (shapeshifter) (Depths:3)
  8 orc warriors
  An ice beast (D:7)
  2 elephant zombies (Lair:5)
  2 elephant skeletons (Lair:5)
  5 wolves
  A boggart (D:15)
  8 centaurs
  A kobold brigand (D:14)
  3 bullfrogs
  A glowing shapeshifter simulacrum (Depths:2)
  2 earth elementals
  A scorpion (D:6)
  2 elephant simulacra (Lair:5)
  A hound (D:6)
  9 orc priests
  12 orc wizards
  4 gnolls
  An adder (D:5)
  33 orcs
  5 goblins
  4 hobgoblins
  A quokka (D:3)
  17 kobolds
767 creatures vanquished.

Vanquished Creatures (others)
  An ironbound preserver (Vaults:1)
  A deep elf annihilator (Elf:3)
  A deep elf knight (Elf:1)
  A deep elf pyromancer (D:14)
  A slime creature (Vaults:1)
  61 battlemagi
  An orc wizard (Orc:2)
  23 tentacles
90 creatures vanquished.

Grand Total: 2004 creatures vanquished

Notes
Turn   | Place    | Note
-------+----------+-------------------------------------------
     0 | D:1      | ebarrett the Armataur Monk began the quest for the Orb.
     0 | D:1      | Reached XP level 1. HP: 19/19 MP: 1/1
   186 | D:1      | Reached XP level 2. HP: 27/27 MP: 2/2
   606 | D:1      | Reached XP level 3. HP: 33/33 MP: 3/3
   984 | D:2      | You fall into a shaft and drop 1 floor!
  1307 | D:2      | Reached XP level 4. HP: 42/42 MP: 4/4
  1874 | D:3      | Found a transporter.
  1878 | D:3      | Noticed Zvl3's ghost (weakling HOFi)
  1921 | D:3      | Reached XP level 5. HP: 35/49 MP: 5/5
  2053 | D:3      | Found a transporter.
  2192 | D:3      | Identified the +2 robe of Kleptomania {Fly rN+ Str+4}
  2455 | D:4      | Found a sand-covered staircase.
  2467 | Ossuary  | Entered an ossuary
  2529 | Ossuary  | Reached XP level 6. HP: 29/58 MP: 6/6
  2535 | Ossuary  | Reached skill level 5 in Fighting
  2535 | Ossuary  | Reached skill level 5 in Maces & Flails
  2674 | Ossuary  | Reached XP level 7. HP: 44/65 MP: 7/7
  3257 | D:4      | Found a glowing golden altar of the Shining One.
  3673 | D:5      | Entered Level 5 of the Dungeon
  3749 | D:5      | Noticed Edmund
  3964 | D:5      | Reached XP level 8. HP: 62/75 MP: 8/8
  4266 | D:5      | Killed Edmund
  4347 | D:5      | Noticed Blork the orc
  4593 | D:6      | Found a staircase to the Ecumenical Temple.
  4600 | Temple   | Entered the Ecumenical Temple
  4617 | Temple   | Became a worshipper of Hepliaklqana the Forgotten
  4617 | Temple   | Reached * piety under Hepliaklqana
  4617 | Temple   | Reached ** piety under Hepliaklqana
  4618 | Temple   | Remembered your ancestor Thulani as a battlemage
  4708 | D:5      | Killed Blork the orc
  4966 | D:6      | Noticed Sigmund
  4971 | D:6      | Killed Sigmund
  5324 | D:6      | Reached XP level 9. HP: 78/78 MP: 9/9
  5498 | D:7      | Found an ancient bone altar of Kikubaaqudgha.
  5532 | D:7      | Found a glowing silver altar of Zin.
  5634 | D:7      | Noticed Prince Ribbit
  5638 | D:7      | Found a flagged portal.
  5639 | D:7      | Killed Prince Ribbit
  5685 | Bailey   | Entered a bailey
  5689 | Bailey   | Reached *** piety under Hepliaklqana
  5690 | Bailey   | Noticed an orc warlord
  5791 | Bailey   | Found a runed translucent gate.
  5792 | Bailey   | Found a runed translucent gate.
  5793 | Bailey   | Found a runed translucent gate.
  5831 | Bailey   | Reached skill level 9 in Armour
  5831 | Bailey   | Reached XP level 10. HP: 97/97 MP: 10/10
  5831 | Bailey   | Reached XP level 11. HP: 103/103 MP: 11/11
  5885 | Bailey   | Killed an orc warlord
  5903 | Bailey   | Identified the amulet of Vidghaefo {RegenMP Drain +Inv rF+
                  | Dex+4}
  5920 | Bailey   | Reached XP level 12. HP: 112/112 MP: 12/12
  5920 | Bailey   | Reached XP level 13. HP: 119/119 MP: 13/13
  6078 | D:7      | Found a stormy altar of Qazlal.
  6085 | D:7      | Found a blossoming altar of Fedhas.
  6174 | D:7      | Noticed Joseph
  6180 | D:7      | Killed Joseph
  6197 | D:7      | Identified the +9 great sword "Pocluv" {spect, Int+3}
  6683 | D:8      | Noticed Grum
  6686 | D:8      | Killed Grum
  6824 | D:8      | Reached **** piety under Hepliaklqana
  7432 | D:9      | Reached skill level 1 in Invocations
  7503 | D:9      | Noticed Pikel
  7508 | D:9      | Killed Pikel
  8151 | D:10     | Entered Level 10 of the Dungeon
  8631 | D:10     | Reached XP level 14. HP: 91/126 MP: 17/17
  8805 | D:10     | Reached ***** piety under Hepliaklqana
  8813 | D:10     | Found an opulent altar of Gozag.
  8816 | D:10     | Found a burning altar of Makhleb.
  8816 | D:10     | Found a shimmering blue altar of Sif Muna.
  8825 | D:10     | Found a broken altar of Ashenzari.
  8827 | D:10     | Found a basalt altar of Yredelemnul.
  8888 | D:11     | Reached skill level 5 in Invocations
  8934 | D:11     | Found a staircase to the Lair.
  9017 | D:11     | Reached skill level 10 in Armour
  9181 | D:11     | Found a white marble altar of Elyvilon.
  9709 | Lair:1   | Entered Level 1 of the Lair of Beasts
  9904 | Lair:1   | Reached skill level 11 in Armour
 11053 | Lair:2   | Identified the +4 plate armour "Dipsiggo" {Int+5}
 11135 | Lair:2   | Found a staircase to the Snake Pit.
 11173 | Lair:2   | Found a staircase to the Shoals.
 11666 | Lair:2   | Reached skill level 12 in Armour
 11918 | Lair:2   | Identified the +9 spear of Tortfeasance {flame, rN++ Dex+3}
 12058 | Lair:3   | Identified the staff of death "Puigruij" {rN+ Int+3}
 12096 | Lair:3   | Noticed Sonja
 12104 | Lair:3   | Killed Sonja
 12476 | Lair:3   | Reached ****** piety under Hepliaklqana
 12485 | Lair:3   | Identified a scroll of acquirement
 12486 | Lair:3   | Acquired the ring "Kygyajif" {rPois Will+ SInv}
 13153 | Lair:4   | Reached skill level 15 in Maces & Flails
 13433 | Lair:4   | Reached XP level 15. HP: 99/133 MP: 20/20
 13436 | Lair:4   | Reached skill level 13 in Armour
 13710 | Lair:5   | Entered Level 5 of the Lair of Beasts
 13996 | Lair:5   | Found a staircase to the Slime Pits.
 13997 | Lair:5   | Found a viscous altar of Jiyva.
 14032 | Lair:5   | Noticed Josephine
 14037 | Lair:5   | Killed Josephine
 14611 | D:12     | Found a staircase to the Orcish Mines.
 14636 | D:12     | Found a gate leading to a gauntlet.
 14664 | Gauntlet | Entered a Gauntlet
 14664 | Gauntlet | Found a transporter.
 14664 | Gauntlet | Found a transporter.
 14664 | Gauntlet | Found a transporter.
 14664 | Gauntlet | Found a transporter.
 14684 | Gauntlet | Found a transporter.
 14694 | Gauntlet | Found a transporter.
 14698 | Gauntlet | Found a transporter.
 14716 | Gauntlet | Found a transporter.
 14732 | Gauntlet | Found a transporter.
 14749 | Gauntlet | Found a transporter.
 14753 | Gauntlet | Found a transporter.
 14763 | Gauntlet | Found a transporter.
 14960 | Gauntlet | Identified the +0 hat of Rinasap {rC++ Dex-2 Slay+2 Stlth+}
 14986 | Gauntlet | Identified the ring "Ybuupp" {Fly rPois rF+ rC+ Dex+3}
 15017 | Gauntlet | Identified the +5 falchion "Futodut" {heavy, *Rage rC++
                  | Str+4}
 15943 | Orc:1    | Entered Level 1 of the Orcish Mines
 16018 | Orc:1    | Found Daogryre's CLEARANCE SALE!.
 16319 | Orc:2    | Entered Level 2 of the Orcish Mines
 16460 | Orc:2    | Noticed Saint Roka
 16777 | Orc:2    | Killed Saint Roka
 16879 | Orc:2    | Noticed Urug
 16886 | Orc:2    | Killed Urug
 17093 | Orc:2    | Found Rompuic's Jewellery Shoppe.
 17108 | Orc:2    | Found Suonah's Antique Weapon Shoppe.
 17150 | Orc:2    | Found Kobaxis's Antique Armour Shoppe.
 17298 | Orc:2    | Found a staircase to the Elven Halls.
 17357 | Orc:2    | Found Qaefrudd's General Store.
 17461 | Orc:2    | Bought a shiny plate armour for 572 gold pieces
 17850 | D:13     | Reached skill level 14 in Armour
 17902 | D:13     | Found a runed translucent door.
 17902 | D:13     | Noticed Poegoxum's ghost (journeyman DrGl)
 17921 | D:13     | Reached skill level 10 in Invocations
 18071 | D:13     | Noticed Rupert
 18077 | D:13     | Killed Rupert
 18278 | D:13     | Killed Poegoxum's ghost
 18376 | D:14     | Reached skill level 15 in Fighting
 18537 | D:14     | Found a stormy altar of Qazlal.
 18658 | D:14     | Reached skill level 1 in Evocations
 19448 | D:14     | Reached XP level 16. HP: 123/144 MP: 23/23
 19499 | D:14     | Found a gate to the Vaults.
 19759 | D:15     | Entered Level 15 of the Dungeon
 19766 | D:15     | Noticed Louise
 19778 | D:15     | Killed Louise
 19952 | D:15     | Identified the +1 morningstar of the Charmed God {flame,
                  | rF+ rCorr SInv}
 19994 | D:15     | Reached skill level 5 in Evocations
 20289 | D:15     | Found a staircase to the Depths.
 20788 | D:3      | Killed Zvl3's ghost
 21506 | Lair:5   | Identified the +1 robe "Woablul" {Rampage *Corrode rElec
                  | Dex-5}
 21641 | Snake:1  | Entered Level 1 of the Snake Pit
 21642 | Snake:1  | come on
 21648 | Snake:1  | Reached skill level 15 in Armour
 21648 | Snake:1  | Reached skill level 5 in Dodging
 22047 | Snake:1  | Found Verraopo's Antique Weapon Shoppe.
 22051 | Snake:1  | Found Pebal's Jewellery Shoppe.
 22058 | Snake:1  | Found Mosoed's Assorted Antiques.
 22068 | Snake:1  | Found Luumm's Weapon Shoppe.
 22074 | Snake:1  | Bought a pair of crude gloves for 209 gold pieces
 22074 | Snake:1  | Identified the +2 pair of gloves "Wolurur" {+Blink Int+7}
                  | (You bought it in a shop on level 1 of the Snake Pit)
 22106 | Snake:1  | Bought a heavily runed scale mail for 198 gold pieces
 22106 | Snake:1  | Identified the +0 scale mail "Qarhah" {+Blink rC- Slay+6
                  | Stlth+} (You bought it in a shop on level 1 of the Snake
                  | Pit)
 22115 | Snake:1  | Bought a blackened morningstar for 279 gold pieces
 22115 | Snake:1  | Identified the +9 morningstar of Summertime {pain, rCorr
                  | Int+3} (You bought it in a shop on level 1 of the Snake
                  | Pit)
 22423 | Orc:2    | Bought a faintly humming ring mail for 198 gold pieces
 22423 | Orc:2    | Identified the +0 ring mail of Incorporation {*Slow rElec
                  | rPois} (You bought it in a shop on level 2 of the Orcish
                  | Mines)
 22423 | Orc:2    | Bought a smoking ring mail for 198 gold pieces
 22423 | Orc:2    | Identified the +3 ring mail of the Bright Heron {rN+ Will+
                  | Int+2 Stlth+} (You bought it in a shop on level 2 of the
                  | Orcish Mines)
 23039 | Snake:2  | Reached skill level 16 in Armour
 23809 | Snake:2  | Reached XP level 17. HP: 151/151 MP: 24/24
 24051 | Snake:3  | Reached skill level 1 in Axes
 24445 | Snake:3  | Reached skill level 1 in Shields
 24523 | Snake:3  | Found a runed translucent gate.
 24523 | Snake:3  | Found a runed translucent gate.
 24523 | Snake:3  | Found a runed translucent gate.
 24524 | Snake:3  | Found an opulent altar of Gozag.
 24525 | Snake:3  | Found Gumikoij's Assorted Antiques.
 24525 | Snake:3  | Noticed Woigomae's ghost (adept OpVM)
 24528 | Snake:3  | Found Riemo's Assorted Antiques.
 25104 | Snake:4  | Entered Level 4 of the Snake Pit
 25213 | Shoals:1 | Entered Level 1 of the Shoals
 25231 | Shoals:1 | Reached skill level 5 in Axes
 26163 | Shoals:2 | Noticed a kraken
 26215 | Shoals:2 | Killed a kraken
 26577 | Shoals:2 | Noticed Aizul
 26597 | Shoals:2 | Killed Aizul
 27663 | Shoals:3 | Reached skill level 10 in Axes
 27780 | Shoals:3 | Reached XP level 18. HP: 117/158 MP: 25/25
 28347 | Shoals:4 | Entered Level 4 of the Shoals
 28401 | Shoals:4 | Found a runed translucent gate.
 28401 | Shoals:4 | Found a runed translucent gate.
 28401 | Shoals:4 | Found a runed translucent gate.
 28703 | Shoals:4 | Identified the +1 pair of boots "Panocku" {-Tele rF+ Regen+
                  | Stlth+}
 28870 | Shoals:4 | Got a barnacled rune of Zot
 28961 | Shoals:4 | Identified the +5 sling of False Accusations {antimagic,
                  | rElec Will+ Int+3 Dex+3}
 29325 | Shoals:4 | Found Genam's Weapon Shoppe.
 30891 | Snake:4  | Reached skill level 5 in Shields
 31392 | Snake:4  | Got a serpentine rune of Zot
 31653 | Vaults:1 | Entered Level 1 of the Vaults
 31667 | Vaults:1 | Found Ycedinu's General Store.
 31675 | Vaults:1 | Bought a scroll of brand weapon for 152 gold pieces
 31677 | Vaults:1 | Bought a scroll of fog for 64 gold pieces
 31871 | Elf:1    | Entered Level 1 of the Elven Halls
 32185 | Vaults:1 | an ironbound thunderhulk changed into a caustic shrike
 32185 | Vaults:1 | Noticed a caustic shrike
 32191 | Vaults:1 | Killed a caustic shrike
 32192 | Vaults:1 | Reached XP level 19. HP: 131/164 MP: 26/26
 32895 | Vaults:1 | Reached skill level 10 in Shields
 33625 | Vaults:2 | Reached skill level 17 in Armour
 34133 | Vaults:2 | Found Mefeab's Magic Scroll Shoppe.
 34141 | Vaults:2 | Bought a scroll of blinking for 135 gold pieces
 34141 | Vaults:2 | Bought a scroll of fear for 72 gold pieces
 34141 | Vaults:2 | Bought a scroll of teleportation for 54 gold pieces
 34325 | Vaults:2 | Found a transporter.
 34325 | Vaults:2 | Found a transporter.
 34332 | Vaults:2 | Noticed Feshunla's ghost (adept KoEn)
 34346 | Vaults:2 | Noticed Woitib's ghost (adept GrFE)
 34354 | Vaults:2 | Noticed a golden dragon
 34634 | Vaults:2 | Reached skill level 18 in Armour
 35881 | Elf:1    | Noticed Kirke
 35889 | Elf:1    | Killed Kirke
 35890 | Elf:1    | Reached XP level 20. HP: 176/176 MP: 27/27
 36047 | Elf:1    | Found Kuuxurez's Jewellery Shop.
 36052 | Elf:1    | Found Hyumoy's Antique Armour Boutique.
 36079 | Elf:1    | Bought the ring of Vapremawn {rElec rCorr Str+3 Dex+6
                  | Stlth+} for 1099 gold pieces
 36182 | Elf:1    | Identified the +2 leather armour "Zoukhaj" {MP-9 Slay+4}
 36182 | Elf:1    | Noticed Nikola
 36186 | Elf:1    | Noticed Asterion
 36193 | Elf:1    | Killed Asterion
 36197 | Elf:1    | Killed Nikola
 37133 | Elf:2    | Found Ygasemy's Armour Shop.
 37404 | Elf:2    | Found a runed translucent gate.
 37405 | Elf:2    | Found a runed translucent gate.
 37405 | Elf:2    | Found a runed translucent gate.
 37907 | Vaults:3 | Noticed Margery
 37947 | Vaults:3 | Killed Margery
 38548 | Vaults:3 | Reached skill level 1 in Polearms
 38601 | Vaults:3 | Found the ring of the Tortoise {AC+8}
 38712 | Vaults:3 | Found Rihiumn's Antique Weapon Emporium.
 39065 | Vaults:3 | Got the Catalogue of Postmortem Ashes
 39102 | Vaults:3 | Found a staircase to the Crypt.
 39102 | Vaults:3 | Found a basalt altar of Yredelemnul.
 39102 | Vaults:3 | Found an ancient bone altar of Kikubaaqudgha.
 39487 | Vaults:3 | Noticed Sojobo
 39490 | Vaults:3 | Paralysed by an air elemental for 1 turns
 39500 | Vaults:3 | Paralysed by an air elemental for 1 turns
 39513 | Vaults:3 | Paralysed by an air elemental for 1 turns
 39517 | Vaults:3 | Paralysed by an air elemental for 1 turns
 39701 | Vaults:3 | Paralysed by an air elemental for 1 turns
 39712 | Vaults:3 | Killed Sojobo
 39713 | Vaults:3 | Reached skill level 5 in Polearms
 39858 | Vaults:4 | Noticed Zenata
 40087 | Depths:1 | Entered Level 1 of the Depths
 40514 | Depths:1 | Found an iron altar of Okawaru.
 40643 | Depths:1 | Reached XP level 21. HP: 97/187 MP: 28/28
 40725 | Depths:1 | Found a one-way gateway to a ziggurat.
 40818 | Depths:1 | Found a gateway to Hell.
 41151 | Depths:1 | Found a one-way gate leading to the halls of Pandemonium.
 41512 | Elf:3    | Entered Level 3 of the Elven Halls
 41609 | Elf:3    | Found an ancient bone altar of Kikubaaqudgha.
 42447 | Elf:3    | Reached skill level 10 in Polearms
 42554 | Elf:3    | Found Ajubeq's Antique Armour Boutique.
 42567 | Elf:3    | Identified the amulet "Peiryorch" {Faith rElec Will- Str+2}
 42874 | Elf:3    | Identified the +7 chain mail of Egalitarianism {rElec rN+
                  | Slay-6}
 42901 | Elf:3    | Identified the +9 arbalest "Ypraz" {speed, Will+ MP+9}
 43282 | Elf:3    | Got Ges Goqo's Grimoire of the Mutated Barrage
 43353 | Elf:3    | Identified the staff of death "Ebase" {+Blink rF+ rC- rN+}
 43918 | Snake:3  | Killed Woigomae's ghost
 44356 | Depths:2 | Found an ancient bone altar of Kikubaaqudgha.
 44468 | Depths:2 | Reached skill level 19 in Armour
 44573 | Depths:2 | Found Quoxtesa's Magic Scroll Emporium.
 44648 | Depths:2 | Noticed a golden dragon
 45133 | Depths:2 | Reached XP level 22. HP: 180/193 MP: 30/30
 45664 | Depths:2 | Killed a golden dragon
 46178 | Depths:2 | Identified the staff of fire "Misoh" {rF+ Dex+4}
 46534 | Depths:3 | Noticed a caustic shrike
 46540 | Depths:3 | Killed a caustic shrike
 46545 | Depths:3 | Noticed a golden dragon
 46565 | Depths:3 | Noticed Parghit
 46566 | Depths:3 | Killed a golden dragon
 46567 | Depths:3 | Noticed the Enchantress
 46581 | Depths:3 | Found a shimmering altar of Xom.
 46581 | Depths:3 | Found a shimmering altar of Xom.
 46581 | Depths:3 | Found a shimmering altar of Xom.
 46582 | Depths:3 | Found a shimmering altar of Xom.
 46584 | Depths:3 | Found a shimmering altar of Xom.
 46689 | Depths:3 | Reached skill level 20 in Armour
 46749 | Depths:3 | Found Kietoz's Book Emporium.
 46750 | Depths:3 | Found Buntah's Jewellery Shop.
 46751 | Depths:3 | Found Lofeit's Book Emporium.
 46860 | Depths:3 | Identified the orb of the Arcane {guile, Harm +Blink
                  | Slay+5}
 47000 | Depths:3 | Found a one-way gate to the infinite horrors of the Abyss.
 47347 | Depths:3 | Killed the Enchantress
 47640 | Depths:3 | Found a shimmering altar of Xom.
 47651 | Depths:3 | Found a shimmering altar of Xom.
 48138 | Depths:3 | Killed Parghit
 48494 | Slime:1  | Entered Level 1 of the Pits of Slime
 48595 | Slime:3  | Noticed Dissolution
 48807 | Slime:2  | Reached skill level 21 in Armour
 49069 | Slime:5  | Entered Level 5 of the Pits of Slime
 49142 | Slime:5  | Noticed the Royal Jelly
 49244 | Slime:5  | Reached XP level 23. HP: 197/202 MP: 32/32
 49368 | Slime:5  | Found a viscous altar of Jiyva.
 49382 | Slime:5  | Found the +5 Lochaber axe {reach-cleave, Poleaxe Drain}
 49616 | Slime:5  | Killed the Royal Jelly
 49763 | Slime:5  | Identified the +1 robe "Otwoy" {Str+3}
 49791 | Slime:5  | Identified the ring "Ocereysa" {Drain EV+5 Str+2 Dex+4}
 49834 | Slime:5  | Identified the +8 plate armour of Lishudic {rC++ rN+ Dex+2}
 49850 | Slime:5  | Identified the +6 glaive "Xost" {pain, rElec rC+}
 49880 | Slime:5  | Identified the +4 ring mail of the Lotus Blossom {rF+ Str+7
                  | Int-2 Stlth+}
 49889 | Slime:5  | Identified the ring "Siqeunka" {rPois rF+}
 49891 | Slime:5  | Got a slimy rune of Zot
 50364 | Elf:1    | Bought the ring of Qutet {rF++ Str+3 Dex+6} for 1135 gold
                  | pieces
 50685 | Snake:1  | Bought 3 scrolls of blinking for 495 gold pieces
 50685 | Snake:1  | Bought a potion of haste for 220 gold pieces
 50685 | Snake:1  | Bought a scroll of magic mapping for 165 gold pieces
 50781 | Snake:3  | Bought a scroll of blinking for 292 gold pieces
 50786 | Snake:3  | Bought a scroll of blinking for 292 gold pieces
 51139 | Depths:4 | Entered Level 4 of the Depths
 51858 | Depths:4 | Found Jalopp's Distillery.
 52108 | Depths:4 | Noticed a juggernaut
 52120 | Depths:4 | Killed a juggernaut
 52625 | Depths:4 | Reached skill level 22 in Armour
 52691 | Depths:4 | Found a gate to the Realm of Zot.
 52988 | Depths:4 | Identified the amulet "Feeqics" {Spirit Contam Harm rF++
                  | Str+2}
 53029 | Depths:4 | Bought a potion of heal wounds for 80 gold pieces
 53029 | Depths:4 | Bought a potion of haste for 160 gold pieces
 53052 | Zot:1    | Entered Level 1 of the Realm of Zot
 53189 | Zot:5    | Entered Level 5 of the Realm of Zot
 53965 | Zot:4    | Reached XP level 24. HP: 210/215 MP: 33/33
 54232 | Zot:5    | Reached skill level 23 in Armour
 54465 | Zot:5    | Noticed a Killer Klown
 54465 | Zot:5    | Noticed a Killer Klown
 54485 | Zot:5    | Killed a Killer Klown
 54488 | Zot:5    | Noticed an orb of fire
 54497 | Zot:5    | Gained mutation: You are dopey. (Int -2) [an orb of fire]
 54497 | Zot:5    | Noticed a dread lich
 54497 | Zot:5    | Noticed a Killer Klown
 54501 | Zot:5    | Killed a Killer Klown
 54507 | Zot:5    | Killed an orb of fire
 54511 | Zot:5    | Paralysed by a dread lich for 3 turns
 54520 | Zot:5    | Killed a dread lich
 54651 | Zot:5    | Killed a Killer Klown
 54700 | Zot:5    | Reached skill level 15 in Invocations
 54762 | Zot:5    | Noticed an orb of fire
 54763 | Zot:5    | Noticed a Killer Klown
 54769 | Zot:5    | Killed an orb of fire
 54773 | Zot:5    | Noticed an orb of fire
 54784 | Zot:5    | Gained mutation: You are clumsy. (Dex -2) [an orb of fire]
 54786 | Zot:5    | Killed an orb of fire
 54862 | Zot:5    | Noticed a Killer Klown
 54871 | Zot:5    | Killed a Killer Klown
 54967 | Zot:5    | Noticed an orb of fire
 54984 | Zot:5    | Killed an orb of fire
 54999 | Zot:5    | Got the Orb of Zot
 55037 | Zot:5    | Noticed an ancient lich
 55047 | Zot:5    | Killed an ancient lich
 55203 | Depths:4 | Noticed a seraph
 55252 | Depths:3 | Gained mutation: Your magical capacity is low. (-10% MP) [a
                  | cacodemon]
 55415 | D:14     | Noticed Ahaceb the pandemonium lord
 55550 | D:8      | Noticed Lohul the pandemonium lord
 55715 | D:$      | Escaped with the Orb!

Illustrated notes

### ##.. ...#.
## ## . ...
....# .SS(..
.#...## ....#.#
..#...#
...S.S.#.......
...N...@....N.N
..##..R.....)..
#.........S..
#..........N..
...............
.#.............
##............
.............


Turn 21642 on Snake:1: come on

Levels and vault maps discovered:
D:1:      co_arrival_random_square_maze, layout_basic,
          chequers_serial_rivers_micro_e, minmay_misc_feat_more_columns
D:2:      layout_rooms, serial_glass, glass_columns_c, glass_columns_b,
          due_unseen_surprise
D:3:      layout_basic, gammafunk_ghost_arena
D:4:      layout_basic, tso_metal_star, lightli_ossuary_entry_decrepit_ruins
D:5:      layout_gridville, uniq_edmund, uniq_blork_the_orc
D:6:      minmay_bubble_buster, layout_loops_ring, temple_green, uniq_sigmund
D:7:      layout_gridville, grunt_temple_overflow_forces_of_nature,
          lemuel_crystal_altar, amcnicky_altar_gilded, enter_bailey_3,
          grunt_decor_mini_mirrors, uniq_prince_ribbit1, uniq_joseph
D:8:      layout_loops_corners, uniq_grum
D:9:      layout_roguey, serial_corexii_hall, corexii_hall_statues_i,
          corexii_hall_statues_i, uniq_pikel
D:10:     layout_basic, minmay_overflow_temple_star_hex
D:11:     layout_irregular_city, grunt_lair_entry_orc_guard_hut,
          nicolae_elyvilon_temple_path
D:12:     layout_irregular_city, erik_orc_4, gauntlet_entry_generic
D:13:     layout_cave_pods, hellmonk_ghost_big_iron,
          hangedman_decor_peaks_small, uniq_rupert
D:14:     layout_basic, hangedman_vaults_entry_quadrant_bands,
          nicolae_qazlal_eye_of_the_storm
D:15:     grunt_enter_depths_hoard, layout_basic, uniq_louise
Temple:   hellmonk_temple_two_chambers
Lair:1:   layout_concentric_octagons, serial_forest, infiniplex_forest_lined_1,
          infiniplex_forest_zigzag_1, infiniplex_forest_lined_room_3,
          infiniplex_forest_straight_5, infiniplex_forest_straight_2,
          infiniplex_forest_lined_ring, infiniplex_forest_pool,
          infiniplex_forest_clump_diagonal, infiniplex_forest_zigzag_2,
          nzn_sisyphean_effort
Lair:2:   cheibrodos_lair_river_kwai, layout_cave_shapes,
          elwin_shoals_entry_rocks, nicolae_snake_entry_squirm,
          minmay_shattered_shrine, grunt_megastairs_3
Lair:3:   layout_regular_city, kilobyte_rumbling_trees,
          infiniplex_staircase_pool, uniq_sonja
Lair:4:   layout_misc_corridors, serial_bayou_lake_a
Lair:5:   due_jungle_book, layout_long_grid, minmay_slime_entry_eyes,
          st_stairs_8, serial_bayou_shore_b, uniq_josephine
Shoals:1: layout_shoals, nicolae_shoals_beach_house_on_fowls_legs
Shoals:2: layout_shoals, uniq_aizul
Shoals:3: layout_shoals, argonaut_gorgonesque
Shoals:4: shoals_end_simple, layout_shoals, serial_shops,
          nicolae_shop_hallway_plus, nicolae_shoals_beach_cooler
Snake:1:  layout_onion_interference, minmay_shop_grid_forest
Snake:2:  layout_chambers, st_stairs_10
Snake:3:  layout_grid_maze, ebering_ghost_gozag
Snake:4:  johnstein_snake_rune_scales, layout_onion
Slime:1:  layout_caves
Slime:2:  layout_caves
Slime:3:  layout_caves, uniq_dissolution
Slime:4:  layout_caves
Slime:5
Orc:1:    layout_caves, nicolae_shop_clearance
Orc:2:    grunt_orc_cross, layout_caves, basic_altar, uniq_saint_roka
Elf:1:    eino_elf_arrival_customs, layout_geoelf_grid, evilmike_minifort,
          minmay_misc_feat_pillars, st_stairs_10, minmay_shoptagon,
          uniq_asterion, uniq_nikola, uniq_kirke
Elf:2:    nicolae_elf_blades_crystal_corner, layout_geoelf_grid, serial_shops,
          shop, serial_sigils_hangedman_writhe
Elf:3:    minmay_elf_hall_dome, layout_rooms, serial_shops,
          nicolae_shop_dealshenge, basic_altar, grunt_megastairs_4
Vaults:1: nicolae_vaults_diamond_1, nicolae_vaults_turnstiles,
          dpeg_vaults_monster_row, nicolae_vaults_doubleplus_tesselated,
          nicolae_vaults_storage_closets_2, nicolae_vaults_ninety_degrees,
          v_misc_12, nicolae_vaults_trapezoid_layered, nicolae_vaults_diamond_2,
          layout_vaults_big_room, serial_shops, nicolae_shop_stone
Vaults:2: nzn_ghost_randoct, nicolae_vaults_three_branches,
          nicolae_vaults_hallways_thing, nicolae_vaults_storage_closets_3,
          nicolae_vaults_trapezoid_2, v_misc_33,
          nicolae_vaults_little_squares_5, vaults_room_ringed_pool, v_misc_11,
          v_misc_8, v_alt_pattern_1, st_check, nicolae_vaults_tetromino_L_1,
          v_misc_3, hangedman_vaults_capsules, layout_vaults_big_cross,
          serial_shops, nicolae_shop_peninsula
Vaults:3: nicolae_vaults_closet_pinwheel_5, minmay_crypt_entry_necro_gods,
          nicolae_vaults_offset_grid_hallway_1, v_pattern_1,
          nicolae_vaults_library_corner, v_misc_24,
          nicolae_vaults_layer_cake_slice, vaults_dpeg_emergency_exit,
          ontoclasm_vaults_twist, vaults_dpeg_ring,
          nicolae_vaults_specimen_jars, hangedman_vaults_nails,
          vaults_room_corners, layout_vaults_ring, serial_shops, shop_statue,
          uniq_sojobo, uniq_margery
Vaults:4: nicolae_vaults_double_plus_2, hangedman_vaults_stitches, st_squares,
          grunt_vaults_hallway_long, nicolae_vaults_network_star,
          layout_vaults_quadrants, serial_shops, shop, uniq_zenata
Depths:1: layout_forbidden_donut, enter_ziggurat_a, solitary_fountain,
          hell_entry, rand_demon_pan_entry_1, okawaru_ov_weapons_minmay
Depths:2: minmay_the_grid_triangle_9x9_recursive_3
          [minmay_the_grid_triangle_9x9_alien,
          minmay_the_grid_triangle_9x9_dagger,
          minmay_the_grid_triangle_9x9_longest,
          minmay_the_grid_triangle_9x9_prize_schism,
          minmay_the_grid_triangle_9x9_pentomino_pain,
          minmay_the_grid_triangle_9x9_semitri,
          minmay_the_grid_triangle_9x9_stretched_checkered,
          minmay_the_grid_triangle_9x9_negative_grid,
          minmay_the_grid_triangle_9x9_impossible_snake], layout_honeycomb,
          nicolae_kikubaaqudgha_miasma_corner, serial_shops, shop, pan_entry,
          hell_entry, grunt_tough_drop, infiniplex_staircase_zigzag_4,
          serial_bayou_shore_b
Depths:3: minmay_cut_squares, layout_cave_shapes, abyss_entry_small_statue_room,
          hell_entry, nicolae_xom_altar_mimics, grunt_decor_cap,
          infiniplex_staircase_zigzag_5, serial_bayou_shore_a,
          serial_bayou_shore_b, minmay_shop_grove, uniq_josephina, uniq_parghit,
          uniq_enchantress
Depths:4: lemuel_castle_with_subvaults [lemuel_castle_interior_original],
          layout_cross, kennysheep_crisscross, hell_entry, abyss_entry,
          serial_shops, shop
Zot:1:    layout_gridlike
Zot:2:    layout_basic, st_stairs_7
Zot:3:    layout_basic
Zot:4:    layout_gridlike, skrybe_zot_glass_1
Zot:5:    layout_twisted_circle

Skill      XL: |  1  2  3  4  5  6  7  8  9 10 11 12 13 14 15 16 17 18 19 20 21 22 23 24 |
---------------+-------------------------------------------------------------------------+-----
Fighting       | 3 4 5 6 8 13 14 15 16 17 18 19 | 19.7
Maces & Flails | 3 4 5 6 8 13 15 16 | 16.0
Armour         | 9 12 14 16 18 19 21 22 23 | 23.0
Invocations    | 4 7 10 11 12 13 17 | 17.2
Evocations     | 3 5 7 8 |  8.5
Dodging        | 7 |  7.1
Axes           | 10 13 14 | 14.4
Shields        | 2 7 10 11 13 14 | 14.7
Polearms       | 7 11 | 11.5

Action                     |  1- 3 |  4- 6 |  7- 9 | 10-12 | 13-15 | 16-18 | 19-21 | 22-24 || total
---------------------------+-------+-------+-------+-------+-------+-------+-------+-------++-------
  Melee: Mace              |    88 |       |       |       |       |       |       |       ||    88
         Tailslap          |     8 |    13 |    25 |     2 |   132 |   229 |   228 |   312 ||   949
         Flail             |       |    88 |   185 |     5 |       |       |       |       ||   278
         Morningstar       |       |       |       |       |   681 |   960 |   287 |       ||  1928
         Broad axe         |       |       |       |       |       |   120 |   415 |  1238 ||  1773
         Demon trident     |       |       |       |       |       |       |   403 |       ||   403
  Throw: Stone             |     3 |       |     4 |       |       |       |       |       ||     7
         Dart              |       |       |     8 |       |    10 |       |     3 |    29 ||    50
         Javelin           |       |       |       |       |     5 |       |       |       ||     5
         Throwing net      |       |       |       |       |       |       |       |     3 ||     3
 Invoke: Ancestor Life: Ba |       |       |     1 |       |       |       |       |       ||     1
         Recall Ancestor   |       |       |       |       |    22 |    22 |    13 |    21 ||    78
         Idealise          |       |       |       |       |    11 |    19 |    10 |    11 ||    51
  Evoke: Wand              |       |    15 |       |       |    15 |    28 |    22 |    22 ||   102
         Tin of tremorston |       |       |       |       |       |     3 |     4 |     3 ||    10
         Phantom mirror    |       |       |       |       |       |     1 |     2 |     2 ||     5
         Lightning rod     |       |       |       |       |       |     3 |    16 |     7 ||    26
         Phial of floods   |       |       |       |       |       |       |     2 |     1 ||     3
    Use: Scroll            |       |     6 |     9 |       |    22 |    13 |    12 |    15 ||    77
         Potion            |       |     3 |     5 |     2 |     2 |    13 |    10 |    13 ||    48
   Stab: Sleeping          |       |     1 |     2 |       |       |       |       |       ||     3
         Distracted        |       |       |     1 |       |    14 |    31 |    23 |    34 ||   103
         Paralysed         |       |       |       |       |     2 |     2 |     1 |       ||     5
         Petrified         |       |       |       |       |       |     2 |       |       ||     2
         Invisible         |       |       |       |       |       |     1 |    14 |     6 ||    21
         Petrifying        |       |       |       |       |       |       |     1 |       ||     1
 Armour: Robe              |    20 |    39 |    65 |       |       |       |       |       ||   124
         Scale mail        |     7 |    18 |       |       |       |       |       |       ||    25
         Leather armour    |       |       |    24 |       |       |       |       |       ||    24
         Plate armour      |       |       |       |       |   694 |   713 |   186 |       ||  1593
         Storm dragon scal |       |       |       |       |       |       |   325 |   127 ||   452
         Gold dragon scale |       |       |       |       |       |       |       |   643 ||   643
  Dodge: Dodged            |    36 |    54 |   106 |       |   214 |   331 |   222 |   229 ||  1192
  Block: Orb               |       |       |     8 |       |       |       |       |       ||     8
         Buckler           |       |       |       |       |       |   191 |       |       ||   191
         Kite shield       |       |       |       |       |       |    15 |   485 |   606 ||  1106
         Reflection        |       |       |       |       |       |       |    71 |    19 ||    90

Table legend: (Time is in decaauts)
 A = Elapsed time spent in this place.
 B = Non-inter-level travel time spent in this place.
 C = Inter-level travel time spent in this place.
 D = Time resting spent in this place.
 E = Time spent auto-exploring this place.
 F = Levels seen in this place.
 G = Mean time per level.
                   A        B        C        D        E       F      G
               +--------+--------+--------+--------+--------+-----+--------+
         Total |  55276 |  46702 |   8574 |   5678 |  23418 |  55 | 1005.0 |
       Dungeon |  15830 |  12282 |   3548 |    837 |   7749 |  15 | 1055.3 |
        Temple |     29 |     29 |      0 |      0 |     10 |   1 |   29.0 |
          Lair |   6151 |   5154 |    997 |    446 |   3390 |   5 | 1230.2 |
        Shoals |   4503 |   4182 |    321 |    613 |   1825 |   4 | 1125.8 |
     Snake Pit |   5235 |   4541 |    694 |    690 |   1987 |   4 | 1308.8 |
    Slime Pits |   1449 |   1365 |     84 |    517 |     58 |   5 |  289.8 |
  Orcish Mines |   2481 |   1561 |    920 |    285 |    503 |   2 | 1240.5 |
   Elven Halls |   4356 |   3624 |    732 |    541 |   1315 |   3 | 1452.0 |
        Vaults |   5010 |   4628 |    382 |    510 |   2630 |   4 | 1252.5 |
        Depths |   7074 |   6321 |    753 |    688 |   3312 |   4 | 1768.5 |
           Zot |   1993 |   1853 |    140 |    349 |    522 |   5 |  398.6 |
       Ossuary |    399 |    399 |      0 |    197 |      0 |   1 |  399.0 |
        Bailey |    334 |    334 |      0 |      0 |     67 |   1 |  334.0 |
      Gauntlet |    425 |    425 |      0 |      0 |     50 |   1 |  425.0 |
               +--------+--------+--------+--------+--------+-----+--------+

Top non-repeatable levels by time:
Depths:2: 2513 daAuts
Vaults:2: 2106 daAuts
    D:14: 1853 daAuts
   Elf:3: 1816 daAuts
   Elf:1: 1798 daAuts
Depths:3: 1783 daAuts
 Snake:3: 1668 daAuts
Depths:4: 1631 daAuts
Vaults:3: 1576 daAuts
  Lair:2: 1576 daAuts
 Snake:4: 1530 daAuts
   Orc:2: 1513 daAuts
   Zot:5: 1480 daAuts
    D:11: 1428 daAuts
 Snake:2: 1349 daAuts
